 Dungeon Crawl Stone Soup version 0.28.0-49-g6dfe1f597d (webtiles) character file.

Game seed: 4289577406286777022

15 Zeld the Ogre Mage (level 2, -2/28 HPs)
             Began as an Ogre Transmuter on May 19, 2022.
             Slain by a gnoll
             ... wielding a +0 spear
              (4 damage)
             ... on level 1 of the Dungeon.
             The game lasted 00:00:54 (1215 turns).

Zeld the Ogre Mage (Ogre Transmuter)                Turns: 1215, Time: 00:00:54

Health: -2/28      AC:  3    Str: 13    XL:     2   Next: 50%
Magic:  4/5        EV:  9    Int: 14    God:
Gold:   37         SH:  0    Dex:  9    Spells: 3/6 levels left

rFire   . . .      SeeInvis .     - Unarmed
rCold   . . .      Faith    .   (no shield)
rNeg    . . .      Spirit   .   a - +0 robe
rPois   .          Reflect  .   (helmet currently unavailable)
rElec   .          Harm     .   (no cloak)
rCorr   .          Rampage  .   (gloves unavailable)
Will    .....                   (boots unavailable)
Stlth   +.........              (no amulet)
HPRegen 0.09/turn               (no ring)
MPRegen 0.09/turn               (no ring)

@: appendages
A: horns 2, talons 2, large, unfitting armour, tough skin 1
a: End Transformation


You were on level 1 of the Dungeon.
You had temporarily grown beastly horns and talons.
You visited 1 branch of the dungeon, and saw 1 of its levels.

You collected 37 gold pieces.

Inventory:

Armour
 a - a +0 robe (worn)
Scrolls
 b - a scroll of vulnerability {unknown}
 c - a scroll of teleportation {unknown}
 d - a scroll of fog {unknown}
 f - 2 scrolls of identify {unknown}
Potions
 e - a potion of might {unknown}
 g - a potion of heal wounds {unknown}


   Skills:
 + Level 1.8 Fighting
 + Level 1.9 Dodging
 - Level 2.6 Unarmed Combat
 * Level 2.8 Spellcasting
 * Level 2.1 Transmutations


You had 3 spell levels left.
You knew the following spells:

 Your Spells              Type           Power      Damage    Failure   Level
a - Beastly Appendage     Tmut           16%        N/A       9%          1
b - Wereblood             Tmut           8%         N/A       14%         2

Your spell library contained the following spells:

 Spells                   Type           Power      Damage    Failure   Level
 Spider Form              Tmut/Pois      5%         N/A       38%         3
 Ice Form                 Ice/Tmut       5%         N/A       80%         4


Dungeon Overview and Level Annotations

Branches:
Dungeon (1/15)

Altars:


Innate Abilities, Weirdness & Mutations

You have temporarily grown beastly horns and talons.
You are too large for most types of armour.
You have tough skin. (AC +1)


Message History

The bat hits you but does no damage.
You hit the bat. Your headbutt misses the bat.
The bat is severely wounded.
The bat hits you but does no damage.
A bat is nearby!
The bat barely misses you. The bat closely misses you.
You barely miss the bat. You claw the bat.
You kill the bat!
No target in view!
Your horns disappear.
Your talons disappear.
Found a hunting sling.
You see here a +0 hunting sling.
A gnoll comes into view. It is wielding a +0 spear.
A gnoll is nearby!
Casting: Beastly Appendage (safe; 9% risk of failure)
Confirm with . or Enter, or press ? or * to list all spells.
You grow a pair of large bovine horns.
Your feet morph into talons.
The gnoll hits you from afar with a +0 spear.
The gnoll hits you with a +0 spear. The gnoll barely misses you.
Your transformation is almost over.
Your horns disappear.
Your talons disappear.
As you open the door, it creaks loudly! The gnoll completely misses you.
There is an open door here.
You close the door.
A gnoll breaks down the door.
The gnoll hits you but does no damage.
There is an open door here.
The gnoll hits you with a +0 spear!
Casting: Beastly Appendage (safe; 9% risk of failure)
Confirm with . or Enter, or press ? or * to list all spells.
You grow a pair of large bovine horns.
Your feet morph into talons.
The gnoll hits you with a +0 spear.
You barely miss the gnoll. Your kick misses the gnoll.
Your headbutt misses the gnoll. The gnoll hits you with a +0 spear!
* * * LOW HITPOINT WARNING * * *
You hit the gnoll. Your kick misses the gnoll.
The gnoll is moderately wounded.
The gnoll hits you with a +0 spear.
You die...

###### #.# ♣PP.).PP♣
#### .....# #.#
♣♣PP)PP♣# ## ####.#
###.#### ###r###
###. #.# #......#
#..# #... ####.#
#.#.##.# #.## ##...
#†...# #.#.##.# #.#
#.... #.##.#
#.#.##.####.#####
##... #.##.#
#.......g.......#
#... .....#
#......##@#####.####
###. ####.#
#......##.# #......#
## #.####..#.###.#
#.#.##.# #
#.........###.#
#...##.#
######........#
#.####.# ##'#######
#.####.# ##...##
#......# ##
##.....## #.######
.## ##.......##
##.## #


You could see a gnoll.

Vanquished Creatures
  2 bats (D:1)
  A goblin (D:1)
  A hobgoblin (D:1)
  6 kobolds (D:1)
  A frilled lizard (D:1)
  4 rats (D:1)
15 creatures vanquished.

Vanquished Creatures (others)
  4 plants (D:1)
4 creatures vanquished.

Grand Total: 19 creatures vanquished

Notes
Turn   | Place    | Note
-------+----------+-------------------------------------------
     0 | D:1      | Zeld the Ogre Transmuter began the quest for the Orb.
     0 | D:1      | Reached XP level 1. HP: 19/19 MP: 3/3
   339 | D:1      | Reached XP level 2. HP: 7/28 MP: 5/5
   376 | D:1      | Learned a level 2 spell: Wereblood
   887 | D:1      | Found a faded altar of an unknown god.
  1215 | D:1      | Slain by a gnoll

Illustrated notes

Levels and vault maps discovered:
D:1:      nicolae_arrival_memento_mori, layout_loops_corners,
          hellmonk_ecumenical_altar_heavens_door, lexackson_kobold_supper

Skill      XL: |  1 |
---------------+----+-----
Transmutations | 2 |  2.1
Fighting       | |  1.8
Dodging        | |  1.9
Unarmed Combat | |  2.6
Spellcasting   | |  2.8

Action                   || total
-------------------------++-------
Melee: Unarmed           ||    45
       Kick              ||     5
       Headbutt          ||     3
       Punch             ||     1
 Cast: Beastly Appendage ||    13
Armor: Robe              ||    21
Dodge: Dodged            ||    19
